 Dungeon Crawl Stone Soup version 0.23.0 (webtiles) character file.

Game seed: 6920951467653826880

6485 eggzz the Thaumaturge (level 10, -4/55 HPs)
             Began as a Deep Elf Fire Elementalist on Feb 16, 2019.
             Was a Follower of Vehumet.
             Killed by an exploding fulminant prism (25 damage)
             ... created by the player character
             ... on level 10 of the Dungeon.
             The game lasted 00:36:29 (10353 turns).

eggzz the Thaumaturge (Deep Elf Fire Elementalist) Turns: 10353, Time: 00:36:31

Health: -4/55      AC: 12    Str:  5    XL:     10   Next: 68%
Magic:  33/42      EV: 17    Int: 24    God:    Vehumet [*.....]
Gold:   507        SH:  0    Dex: 15    Spells: 7/32 levels left

rFire    . . .     SeeInvis +   C - staff of power
rCold    . . .     Gourm    .   (no shield)
rNeg     . . .     Faith    .   M - +2 leather armour {MR+}
rPois    .         Spirit   .   d - +0 helmet
rElec    .         Reflect  .   s - +0 cloak
rCorr    .         Harm     .   (no gloves)
MR       ++...                  L - +2 pair of boots
Stlth    ++........             j - amulet of the acrobat
HPRegen  0.18/turn              i - +5 ring of evasion
MPRegen  0.28/turn              o - ring of see invisible

@: no status effects
A: talons 1, thin metallic scales 1, robust 1
a: Renounce Religion


You were on level 10 of the Dungeon.
You worshipped Vehumet.
Vehumet was aware of your devotion.
You were not hungry.

You visited 2 branches of the dungeon, and saw 11 of its levels.

You collected 507 gold pieces.

Inventory:

Hand Weapons
 w - a +1 vampiric whip
 A - a +1 flail of protection
 Q - the +7 dagger "Gahotree" {vamp, rPois MP-9 Int+5 Stlth+}
   (You found it on level 7 of the Dungeon)

   It inflicts no extra harm, but heals its wielder when it wounds a living foe.
   It affects your intelligence (+5).
   It protects you from poison.
   It affects your magic capacity (-9).
   It makes you more stealthy.
 T - the +5 quarterstaff "Waufrono" {freeze, rN+ Str+5 Int+4, unknown}
   (You found it on level 9 of the Dungeon)

   It has been specially enchanted to freeze those struck by it, causing extra
   injury to most foes and up to half again as much damage against particularly
   susceptible opponents.
   It can also slow down cold-blooded creatures.
   It affects your strength (+5).
   It affects your intelligence (+4).
   It protects you from negative energy.
Missiles
 h - 197 stones (quivered)
 y - a throwing net
 D - 3 poisoned tomahawks
Armour
 d - a +0 helmet (worn)
 s - a +0 cloak (worn)
 z - the +0 robe "Gonu Xesh" {rC+ rN+}
   (You took it off a gnoll on level 4 of the Dungeon)

   It protects you from cold.
   It protects you from negative energy.
 L - a +2 pair of boots (worn)
 M - a +2 leather armour of magic resistance (worn)
 P - a +0 troll leather armour
Magical Staves
 C - an uncursed staff of power (weapon)
 E - an uncursed staff of death
Jewellery
 i - a +5 ring of evasion (left hand)
 j - an amulet of the acrobat (around neck)
 o - a ring of see invisible (right hand)
 V - an uncursed amulet of magic regeneration {unknown}
Wands
 p - a wand of paralysis (9)
 x - a wand of enslavement (6)
 H - a wand of random effects (25)
 I - a wand of digging (7)
 S - a wand of flame (13)
Scrolls
 b - 2 scrolls of teleportation {unknown}
 e - 3 scrolls of amnesia {unknown}
 f - 2 scrolls of blinking {unknown}
 g - a scroll of random uselessness {unknown}
 m - 3 scrolls of noise {unknown}
 n - 4 scrolls of remove curse
 q - a scroll of enchant weapon {unknown}
 r - 3 scrolls of immolation {unknown}
 t - 3 scrolls of enchant armour {unknown}
 B - a scroll of fog {unknown}
 G - a scroll of fear {unknown}
 K - a scroll of holy word {unknown}
 R - a scroll of vulnerability {unknown}
Potions
 k - a potion of flight {unknown}
 l - 3 potions of ambrosia
 u - 4 potions of curing
 v - 3 potions of might
 F - a potion of cancellation
 J - a potion of berserk rage {unknown}
 N - a potion of resistance {unknown}
 O - 2 potions of brilliance
 U - a potion of experience {unknown}
Miscellaneous
 a - a phantom mirror
Comestibles
 c - 12 rations


   Skills:
 - Level 2.4 Dodging
 - Level 2.4 Stealth
 + Level 11.9 Spellcasting
 + Level 11.2 Conjurations
 + Level 10.1 Fire Magic


You had 7 spell levels left.
You knew the following spells:

 Your Spells              Type           Power        Failure   Level  Hunger
a - Fireball              Conj/Fire      ######....   2%          5    ###....
b - Sticky Flame          Conj/Fire      ######..     1%          4    None
c - Conjure Flame         Conj/Fire      ######..     1%          3    None
d - Throw Flame           Conj/Fire      ######       1%          2    None
e - Fulminant Prism       Conj/Hex       #####.....   7%          4    None
f - Searing Ray           Conj           ######       1%          2    None
g - Dazzling Spray        Conj/Hex       #####.       2%          3    None
h - Flame Tongue          Conj/Fire      #####        1%          1    None
i - Shock                 Conj/Air       ####         1%          1    None

Your spell library contained the following spells:

 Spells                   Type           Power        Failure   Level  Hunger
 Magic Dart               Conj           ####         1%          1    None
 Iskenderun's Mystic Bla  Conj           ######..     1%          4    None
 Inner Flame              Hex/Fire       #####...     2%          3    None
 Force Lance              Conj/Tloc      #####...     7%          4    None


Dungeon Overview and Level Annotations

Branches:
Dungeon (10/15)            Temple (1/1) D:7            Lair (0/6) D:9
    Orc: D:9-12

Altars:
Ashenzari
Cheibriados
Dithmenos
Fedhas
Hepliaklqana
Kikubaaqudgha
Okawaru
Qazlal
Sif Muna
Trog
Vehumet
Wu Jian
Xom
Yredelemnul
The Shining One
Beogh

Shops:
D:7 =

Annotations:
D:10 Harold


Innate Abilities, Weirdness & Mutations

You have sharp toenails.
You are partially covered in thin metallic scales. (AC +2)
You are robust. (+10% HP)


Message History

The orc priest hits you with a +0 mace.
An orc comes into view. It is wielding a -2 dagger.
You barely miss the orc.
Harold says, "Try to look on the bright side.
Your death will help put my children through school."
Harold hits you with a +0 short sword! The orc warrior misses you.
The orc warrior hits your fulminant prism with a +0 war axe!
The orc hits your fulminant prism. The orc barely misses you.
Your fulminant prism explodes!
The blast of energy engulfs the orc!!
You kill the orc!
Vehumet accepts your kill.
You feel your power returning.
The blast of energy engulfs the orc warrior!
You kill the orc warrior!
Vehumet accepts your kill.
The blast of energy engulfs the orc!!
You kill the orc!
Vehumet accepts your kill. The blast of energy engulfs you!!
You die...

########## ..#
#...##...#...#
#.....?..#...#
####............#
#................
##......†.).......
###.........).......
#......<...(@@......
#..........o.o......
#...#..?....)..o....
### ###.....o.......
#####.....####
#....## #...## #...#


You could see Harold, an orc priest, an orc wizard and 2 orcs.

Vanquished Creatures
  2 two-headed ogres (D:8)
  An ugly thing (D:9)
  2 trolls
  2 hippogriffs (D:9)
  Edmund (D:5)
  A water moccasin (D:5)
  A black bear (D:9)
  7 orc warriors
  2 ice beasts (D:8)
  3 phantoms
  5 ogres
  A necrophage (D:6)
  A sky beast (D:7)
  2 centaurs (D:9)
  3 bullfrogs
  2 scorpions
  3 killer bees (D:2)
  2 howler monkeys
  A centaur zombie (D:6)
  A jelly (D:7)
  2 quasits (D:9)
  4 hounds
  2 centaur skeletons
  9 orc priests
  2 bullfrog skeletons
  6 orc wizards
  Ijyb (D:5)
  3 iguanas
  Natasha (thrice) (D:2)
  2 worker ants
  A killer bee zombie (D:5)
  A howler monkey zombie (D:6)
  9 adders
  7 gnolls
  2 shadow imps
  2 oozes
  An adder skeleton (D:4)
  3 worms
  A dart slug (D:1)
  9 leopard geckos
  58 orcs
  9 bats
  4 giant cockroaches
  9 goblins
  4 hobgoblins
  12 jackals
  2 kobolds
  3 quokkas
  A ball python (D:1)
  A ball python skeleton (D:4)
  3 frilled lizards
  2 quokka skeletons
  A quokka zombie (D:6)
  9 rats
231 creatures vanquished.

Vanquished Creatures (others)
  7 fulminant prisms
7 creatures vanquished.

Grand Total: 238 creatures vanquished

Notes
Turn   | Place    | Note
-------+----------+-------------------------------------------
     0 | D:1      | eggzz the Deep Elf Fire Elementalist began the quest for
                  | the Orb.
     0 | D:1      | Reached XP level 1. HP: 10/10 MP: 6/6
   203 | D:1      | Reached XP level 2. HP: 15/15 MP: 4/8
   621 | D:1      | Reached XP level 3. HP: 19/19 MP: 7/9
   769 | D:2      | Noticed a killer bee
   769 | D:2      | Noticed a killer bee
   769 | D:2      | Noticed a killer bee
   776 | D:2      | Killed a killer bee
   776 | D:2      | Reached XP level 4. HP: 14/24 MP: 5/10
   778 | D:2      | Reached skill level 5 in Fire Magic
   778 | D:2      | Reached XP level 5. HP: 13/28 MP: 4/11
   986 | D:2      | Learned a level 3 spell: Conjure Flame
   991 | D:2      | Learned a level 4 spell: Sticky Flame
  1215 | D:2      | Noticed Natasha
  1220 | D:2      | Killed Natasha
  1429 | D:2      | Noticed Natasha
  1434 | D:2      | Killed Natasha
  1496 | D:2      | Found a hazy altar of Hepliaklqana.
  1504 | D:2      | Noticed Natasha
  1510 | D:2      | Killed Natasha
  1510 | D:2      | Reached XP level 6. HP: 32/32 MP: 7/13
  2085 | D:3      | Found an iron altar of Okawaru.
  2975 | D:4      | Found a blossoming altar of Fedhas.
  3037 | D:4      | Reached skill level 5 in Conjurations
  3146 | D:4      | Identified the +0 robe "Gonu Xesh" {rC+ rN+}
  3461 | D:4      | Reached XP level 7. HP: 35/36 MP: 10/15
  3799 | D:4      | Reached skill level 5 in Spellcasting
  4191 | D:5      | Entered Level 5 of the Dungeon
  4668 | D:5      | Noticed Edmund
  4681 | D:5      | Killed Edmund
  4869 | D:5      | Reached XP level 8. HP: 41/41 MP: 15/19
  5049 | D:5      | Learned a level 5 spell: Fireball
  5052 | D:5      | Learned a level 2 spell: Throw Flame
  5056 | D:5      | Noticed Ijyb
  5066 | D:5      | Killed Ijyb
  6105 | D:6      | Learned a level 2 spell: Searing Ray
  6109 | D:6      | Learned a level 3 spell: Dazzling Spray
  6159 | D:6      | Found a bloodstained altar of Trog.
  6858 | D:7      | Noticed a troll
  6860 | D:7      | Killed a troll
  6860 | D:7      | Reached XP level 9. HP: 45/45 MP: 23/23
  6913 | D:7      | Got a faintly glowing dagger
  6915 | D:7      | Identified the +7 dagger "Gahotree" {vamp, rPois MP-9 Int+5
                  | Stlth+} (You found it on level 7 of the Dungeon)
  7398 | D:7      | Found Utuem's Jewellery Shoppe.
  7825 | D:7      | Found a staircase to the Ecumenical Temple.
  7907 | Temple   | Entered the Ecumenical Temple
  7936 | Temple   | Became a worshipper of Vehumet
  8058 | D:7      | Learned a level 4 spell: Fulminant Prism
  8206 | D:8      | Noticed a two-headed ogre
  8210 | D:8      | Killed a two-headed ogre
  8210 | D:8      | Reached skill level 10 in Spellcasting
  8210 | D:8      | Reached skill level 10 in Conjurations
  8406 | D:8      | Noticed a two-headed ogre
  8414 | D:8      | Killed a two-headed ogre
  8414 | D:8      | Reached XP level 10. HP: 50/50 MP: 16/26
  8620 | D:8      | Found a deep blue altar of Sif Muna.
  8620 | D:8      | Found a snail-covered altar of Cheibriados.
  8761 | D:8      | Found a shattered altar of Ashenzari.
  8975 | D:8      | Got a spiked leather armour
  8976 | D:8      | Identified the cursed +1 leather armour "Uklotu" {+Inv
                  | rElec} (You found it on level 8 of the Dungeon)
  9190 | D:8      | Gained mutation: You have sharp toenails. [potion of
                  | mutation]
  9190 | D:8      | Gained mutation: You are partially covered in thin metallic
                  | scales. (AC +2) [potion of mutation]
  9190 | D:8      | Gained mutation: You are robust. (+10% HP) [potion of
                  | mutation]
  9375 | D:9      | Reached * piety under Vehumet
  9375 | D:9      | Offered knowledge of Shock by Vehumet.
  9378 | D:9      | Learned a level 1 spell: Shock
  9576 | D:9      | Got a warped quarterstaff
  9866 | D:9      | Found a staircase to the Lair.
  9880 | D:9      | Found a roughly hewn altar of Beogh.
  9967 | D:9      | Noticed a brown ugly thing
  9973 | D:9      | Killed a brown ugly thing
  9973 | D:9      | Reached skill level 10 in Fire Magic
 10347 | D:10     | Entered Level 10 of the Dungeon
 10347 | D:10     | Noticed Harold
 10353 | D:10     | Killed by an exploding fulminant prism

Skill      XL: |  1  2  3  4  5  6  7  8  9 10 |
---------------+-------------------------------+-----
Conjurations   | 2 3 4 5 6 8 10 11 | 11.2
Fire Magic     | 4 5 6 7 8 9 10 | 10.1
Spellcasting   | 4 6 8 10 11 | 11.9
Dodging        | |  2.4
Stealth        | |  2.4

Action                   |  1- 3 |  4- 6 |  7- 9 | 10-12 || total
-------------------------+-------+-------+-------+-------++-------
Melee: Short sword       |    13 |    47 |       |       ||    60
       Flail             |       |     1 |    51 |       ||    52
       Staff             |       |       |    14 |    41 ||    55
Throw: Stone             |     2 |     6 |    10 |       ||    18
 Cast: Flame Tongue      |    29 |    29 |    34 |       ||    92
       Sticky Flame      |       |    23 |    50 |     9 ||    82
       Conjure Flame     |       |     2 |    10 |       ||    12
       Fireball          |       |       |    24 |    34 ||    58
       Searing Ray       |       |       |     2 |       ||     2
       Dazzling Spray    |       |       |     1 |     2 ||     3
       Throw Flame       |       |       |     1 |    18 ||    19
       Fulminant Prism   |       |       |       |     8 ||     8
  Use: Potion            |       |     1 |       |     2 ||     3
       Scroll            |       |     1 |     3 |     4 ||     8
 Stab: Sleeping          |     4 |     4 |     1 |       ||     9
       Distracted        |       |     1 |       |       ||     1
       Invisible         |       |       |       |     1 ||     1
  Eat: Chunk             |       |     9 |    21 |     6 ||    36
       Ration            |       |     1 |     1 |     2 ||     4
Armor: Robe              |     5 |    15 |    12 |       ||    32
       Leather armour    |       |       |     9 |    19 ||    28
Dodge: Dodged            |    25 |    76 |   130 |    74 ||   305
